 Dungeon Crawl Stone Soup version 0.30.1-9-gdf580d7c3d (webtiles) character file.

Game seed: 252895193846820227

337 FishyPogo the Insei (level 6, -7/47 HPs)
             Began as a Gnoll Transmuter on Sept 28, 2023.
             Mangled by Duvessa
             ... wielding a +4 short sword of speed
              (11 damage)
             ... on level 4 of the Dungeon.
             The game lasted 00:08:50 (3778 turns).

FishyPogo the Insei (Gnoll Transmuter)              Turns: 3778, Time: 00:08:51

Health: -7/47      AC:  4    Str:  9    XL:     6   Next: 54%
Magic:  13/14      EV: 13    Int: 15    God:
Gold:   180        SH:  0    Dex: 12    Spells: 5/15 levels left

rFire   . .          .
                       - Unarmed
rCold   . . .        (no shield)
rNeg    . . .        q - +0 robe
rPois   .            (helmet currently unavailable)
rElec   .            h - +1 cloak
rCorr   .            (no gloves)
SInv    .            (boots currently unavailable)
Will    .....        (no amulet)
Stlth   ++           f - ring of wizardry
HPRegen 0.27/turn    (no ring)
MPRegen 0.14/turn

%: wizardry (x1)
@: appendages (expiring), wereblooded
A: horns 2, talons 2, fangs 1, strong nose, distributed training
a: End Transformation


You were on level 4 of the Dungeon.
You had temporarily grown beastly horns and talons.
You visited 1 branch of the dungeon, and saw 4 of its levels.

You collected 180 gold pieces.

Inventory:

Missiles
 d - 51 stones
 p - 10 poisoned darts
Armour
 h - a +1 cloak (worn)
 q - a +0 robe (worn)
Magical Staves
 a - the staff of cold "Nafapox" {rElec rF- rC+ rN+++ Stlth+}
   (You found it on level 3 of the Dungeon)

   [staff of cold]

   Base accuracy: +5 Base damage: 5 Base attack delay: 1.2 This weapon's minimum
   attack delay (0.6) is reached at skill level 12.
   rF:        It makes you vulnerable to fire.
   rC:        It protects you from cold.
   rElec:     It insulates you from electricity.
   rN:        It renders you almost immune to negative energy.
   Stlth:     It makes you more stealthy.
   It falls into the 'Staves' category.
   It is a one-handed weapon.
Jewellery
 f - a ring of wizardry (left hand)
Scrolls
 e - a scroll of noise {unknown}
 i - 4 scrolls of teleportation {unknown}
 j - a scroll of poison {unknown}
 k - 2 scrolls of identify {unknown}
 l - 3 scrolls of torment {unknown}
 m - 4 scrolls of blinking {unknown}
 r - a scroll of fog {unknown}
 s - a scroll of enchant weapon {unknown}
 t - a scroll of magic mapping {unknown}
Potions
 b - a potion of lignification
 c - 2 potions of heal wounds {unknown}
 g - a potion of haste {unknown}
 n - 4 potions of flight {unknown}
 o - a potion of curing {unknown}
 u - a potion of ambrosia {unknown}


   Skills:
 + Level 3.3 Fighting
 + Level 2.1 Short Blades
 + Level 2.1 Long Blades
 + Level 2.1 Axes
 + Level 2.1 Maces & Flails
 + Level 2.1 Polearms
 + Level 2.1 Staves
 + Level 2.1 Ranged Weapons
 + Level 2.1 Throwing
 + Level 2.1 Armour
 + Level 5.0 Dodging
 + Level 2.1 Stealth
 + Level 2.1 Shields
 + Level 6.9 Unarmed Combat
 + Level 5.4 Spellcasting
 + Level 1.6 Conjurations
 + Level 1.6 Hexes
 + Level 1.6 Summonings
 + Level 1.6 Necromancy
 + Level 1.6 Translocations
 + Level 4.1 Transmutations
 + Level 1.6 Fire Magic
 + Level 1.6 Ice Magic
 + Level 1.6 Air Magic
 + Level 1.6 Earth Magic
 + Level 1.6 Poison Magic
 + Level 2.3 Invocations
 + Level 2.1 Evocations


You had 5 spell levels left.
You knew the following spells:

 Your Spells              Type           Power      Damage    Failure   Level
a - Beastly Appendage     Tmut           32%        N/A       1%          1
b - Wereblood             Tmut           16%        N/A       1%          2
c - Spider Form           Tmut/Pois      12%        N/A       6%          3
d - Ice Form              Ice/Tmut       12%        N/A       19%         4

Your spell library contained the following spells:

 Spells                   Type           Power      Damage    Failure   Level
 Shock                    Conj/Air       36%        1d5       3%          1
 Summon Small Mammal      Summ           36%        N/A       3%          1
 Call Canine Familiar     Summ           9%         N/A       10%         3
 Summon Guardian Golem    Hex/Summ       9%         N/A       10%         3


Dungeon Overview and Level Annotations

Branches:
Dungeon (4/15)
 Temple: D:4-7

Altars:
Fedhas
Xom

Annotations:
D:4 Dowan, Duvessa


Innate Abilities, Weirdness & Mutations

You have temporarily grown beastly horns and talons.
You have very sharp teeth.
Your uncanny sense of smell can sniff out nearby items.
Your experience applies equally to all skills.


Message History

Dowan, Brother of Duvessa comes into view.
He is wielding a +0 dagger.
Casting: Beastly Appendage (safe; 1% risk of failure)
Confirm with . or Enter, or press ? or * to list all spells.
Your blood is infused with primal strength.
You barely miss Duvessa. You headbutt Duvessa.
Duvessa is lightly wounded.
You hit Duvessa.
Duvessa is lightly wounded.
Your transformation is almost over.
Duvessa closely misses you.
Duvessa hits you with a +4 short sword of speed!
You hit Duvessa. You claw Duvessa, but do no damage. You headbutt Duvessa.
Duvessa is moderately wounded.
Duvessa misses you.
You hit Duvessa. Your kick misses Duvessa.
Duvessa is heavily wounded.
Duvessa barely misses you.
Duvessa hits you with a +4 short sword of speed.
You hit Duvessa. Your kick misses Duvessa. You headbutt Duvessa!
Duvessa is severely wounded.
Duvessa hits you with a +4 short sword of speed.
You closely miss Duvessa. Your bite misses Duvessa.
Duvessa is severely wounded.
Duvessa hits you with a +4 short sword of speed!
You are too injured to fight recklessly!
You hit Duvessa but do no damage.
Duvessa is severely wounded.
Duvessa closely misses you.
Duvessa hits you with a +4 short sword of speed!
* * * LOW HITPOINT WARNING * * *
You hit Duvessa but do no damage.
Duvessa is severely wounded.
Duvessa hits you with a +4 short sword of speed.
* * * LOW HITPOINT WARNING * * *
You barely miss Duvessa.
Dowan shouts!
Your kick misses Duvessa. Your bite misses Duvessa.
Duvessa is severely wounded.
Duvessa hits you with a +4 short sword of speed!
You die...

....#..###.........
###........)......S
##########......e.e
...#######.........
...#.........e###+#
..............###.#
...#..........##..
...#..........##.#
...#...........#@#
...##........e.e.#
...†............##
................#
...........>....#
...............##
...............#
.....###########
.....#


You could see Duvessa and Dowan.

Vanquished Creatures
  A scorpion (D:4)
  A hound (D:4)
  A jelly (D:4)
  Crazy Yiuf (D:3)
  6 adders
  7 gnolls
  4 dart slugs
  7 orcs
  3 endoplasms
  3 giant cockroaches
  5 hobgoblins
  2 jackals (D:3)
  5 quokkas
  3 ball pythons
  8 bats
  4 frilled lizards
  2 goblins (D:1)
  6 kobolds
  3 rats
72 creatures vanquished.

Vanquished Creatures (others)
  A scorpion (D:4)
  An adder (D:4)
  An orc (D:4)
  An endoplasm (D:4)
  A hobgoblin (D:4)
  A quokka (D:4)
6 creatures vanquished.

Grand Total: 78 creatures vanquished

Notes
Turn   | Place    | Note
-------+----------+-------------------------------------------
     0 | D:1      | FishyPogo the Gnoll Transmuter began the quest for the Orb.
     0 | D:1      | Reached XP level 1. HP: 17/17 MP: 6/6
   230 | D:1      | Reached XP level 2. HP: 23/23 MP: 5/7
   439 | D:1      | Learned a level 2 spell: Wereblood
   598 | D:1      | Found a faded altar of an unknown god.
   616 | D:1      | Got Plato's Discourse on Striking
  1366 | D:2      | Reached skill level 5 in Spellcasting
  1366 | D:2      | Reached XP level 3. HP: 4/28 MP: 7/9
  1526 | D:2      | Reached skill level 1 in Invocations
  1630 | D:2      | Reached skill level 1 in Short Blades
  1630 | D:2      | Reached skill level 1 in Long Blades
  1630 | D:2      | Reached skill level 1 in Axes
  1630 | D:2      | Reached skill level 1 in Maces & Flails
  1630 | D:2      | Reached skill level 1 in Polearms
  1630 | D:2      | Reached skill level 1 in Staves
  1630 | D:2      | Reached skill level 1 in Ranged Weapons
  1630 | D:2      | Reached skill level 1 in Throwing
  1630 | D:2      | Reached skill level 1 in Armour
  1630 | D:2      | Reached skill level 1 in Stealth
  1630 | D:2      | Reached skill level 1 in Shields
  1630 | D:2      | Reached skill level 1 in Evocations
  2124 | D:2      | Reached XP level 4. HP: 34/34 MP: 9/11
  2345 | D:3      | Reached skill level 1 in Conjurations
  2345 | D:3      | Reached skill level 1 in Hexes
  2345 | D:3      | Reached skill level 1 in Summonings
  2345 | D:3      | Reached skill level 1 in Necromancy
  2345 | D:3      | Reached skill level 1 in Translocations
  2345 | D:3      | Reached skill level 1 in Fire Magic
  2345 | D:3      | Reached skill level 1 in Ice Magic
  2345 | D:3      | Reached skill level 1 in Air Magic
  2345 | D:3      | Reached skill level 1 in Earth Magic
  2345 | D:3      | Reached skill level 1 in Poison Magic
  2446 | D:3      | Identified the staff of cold "Nafapox" {rElec rF- rC+ rN+++
                  | Stlth+}
  2455 | D:3      | Learned a level 4 spell: Ice Form
  2677 | D:3      | Reached XP level 5. HP: 40/40 MP: 10/12
  2919 | D:3      | Learned a level 3 spell: Spider Form
  3155 | D:3      | Found a blossoming altar of Fedhas.
  3293 | D:3      | Found a runed translucent door.
  3294 | D:3      | Noticed Crazy Yiuf
  3303 | D:3      | Killed Crazy Yiuf
  3569 | D:4      | Noticed Duvessa
  3590 | D:4      | Reached XP level 6. HP: 43/47 MP: 14/14
  3633 | D:4      | Found a shimmering altar of Xom.
  3650 | D:4      | Reached skill level 5 in Dodging
  3761 | D:4      | Noticed Dowan
  3778 | D:4      | Mangled by Duvessa

Illustrated notes

Levels and vault maps discovered:
D:1:      minmay_arrival_glassed_features, layout_loops_corners,
          shapermc_ecumenical_altar_rom_forum, serial_rivers,
          chequers_serial_rivers_micro_b, chequers_serial_rivers_room_b,
          chequers_serial_rivers_marsh, chequers_serial_rivers_small_3,
          dreamdust_princess_corridor, moated_statue, kennysheep_another_room
D:2:      layout_basic, minmay_tromino_v4_b
D:3:      layout_loops_ring, fedhas_altar_4, uniq_crazy_yiuf_cottage
D:4:      layout_basic, xom_confusion_cloud, minmay_misc_feat_pillars,
          uniq_edmund, uniq_menkaure, uniq_duvessa

Skill      XL: |  1  2  3  4  5  6 |
---------------+-------------------+-----
Spellcasting   | 5 |  5.4
Invocations    | 1 2 |  2.3
Short Blades   | 1 2 |  2.1
Long Blades    | 1 2 |  2.1
Axes           | 1 2 |  2.1
Maces & Flails | 1 2 |  2.1
Polearms       | 1 2 |  2.1
Staves         | 1 2 |  2.1
Ranged Weapons | 1 2 |  2.1
Throwing       | 1 2 |  2.1
Armour         | 1 2 |  2.1
Stealth        | 1 2 |  2.1
Shields        | 1 2 |  2.1
Evocations     | 1 2 |  2.1
Conjurations   | 1 |  1.6
Hexes          | 1 |  1.6
Summonings     | 1 |  1.6
Necromancy     | 1 |  1.6
Translocations | 1 |  1.6
Fire Magic     | 1 |  1.6
Ice Magic      | 1 |  1.6
Air Magic      | 1 |  1.6
Earth Magic    | 1 |  1.6
Poison Magic   | 1 |  1.6
Fighting       | 3 |  3.3
Transmutations | 4 |  4.1
Dodging        | 5 |  5.0
Unarmed Combat | |  6.9

Action                     |  1- 3 |  4- 6 || total
---------------------------+-------+-------++-------
  Melee: Unarmed           |    78 |   106 ||   184
         Kick              |    19 |    28 ||    47
         Bite              |     2 |     9 ||    11
         Headbutt          |     8 |    24 ||    32
         Punch             |     2 |     3 ||     5
         Staff             |       |    18 ||    18
  Throw: Dart              |       |     1 ||     1
   Cast: Beastly Appendage |    28 |    23 ||    51
         Ice Form          |       |     1 ||     1
         Wereblood         |       |     4 ||     4
    Use: Potion            |       |     1 ||     1
   Stab: Sleeping          |     1 |     2 ||     3
 Armour: Robe              |    14 |    22 ||    36
  Dodge: Dodged            |    45 |    60 ||   105
